 Dungeon Crawl Stone Soup version 0.27-a0-1188-g73eefd5def (webtiles) character file.

Game seed: 463984947436931743

5731 Hasart the Frost Mage (level 11, -3/52 (54) HPs)
             Began as a Kobold Ice Elementalist on May 20, 2021.
             Was an Initiate of Gozag.
             Slain by a komodo dragon (22 damage)
             ... on level 7 of the Dungeon on May 21, 2021.
             The game lasted 00:24:20 (11893 turns).

Hasart the Frost Mage (Kobold Ice Elementalist)    Turns: 11893, Time: 00:24:23

HP:   -3/52 (54)    AC: 14    Str:  6    XL:     11   Next: 5%
MP:   8/22          EV: 19    Int: 22    God:    Gozag
Gold: 675           SH:  0    Dex: 15    Spells: 12/25 levels left

rFire    . . .     SeeInvis .   A - +6 dagger of the Tired Shrikes {venom, rElec Will+}
rCold    + . .     Faith    .   (shield restricted)
rNeg     + . .     Spirit   .   a - +0 robe
rPois    .         Reflect  .   (no helmet)
rElec    +         Harm     .   (no cloak)
rCorr    .         Rampage  .   f - +1 pair of gloves
Will     +....                  n - +0 pair of boots
Stlth    +++.......             x - amulet of Life {rC+ rN+ Regen+ Int+2}
HPRegen  1.17/turn              t - +4 ring of evasion
MPRegen  0.18/turn              j - ring of wizardry

@: ice-armoured, gold aura, freezing walls, lightly drained
A: small, no large weapons, nightstalker 3
a: Renounce Religion, Potion Petition, Call Merchant, Bribe Branch


You were on level 7 of the Dungeon.
You worshipped Gozag.
Gozag was pleased with you.
You visited 2 branches of the dungeon, and saw 8 of its levels.

You collected 749 gold pieces.
You paid 74 gold pieces to Gozag.

Inventory:

Hand Weapons
 A - the +6 dagger of the Tired Shrikes (weapon) {venom, rElec Will+}
   (You found it on level 7 of the Dungeon)

   It poisons the flesh of those it strikes.
   It insulates you from electricity.
   It increases your willpower.
Armour
 a - a +0 robe (worn)
 f - a +1 pair of gloves (worn)
 n - a +0 pair of boots (worn)
Jewellery
 b - a ring of positive energy
 j - a ring of wizardry (right hand)
 o - an amulet of guardian spirit
 t - a +4 ring of evasion (left hand)
 x - the amulet of Life (around neck) {rC+ rN+ Regen+ Int+2}
   (You took it off a centaur on level 7 of the Dungeon)

   [amulet of regeneration]

   It affects your intelligence (+2).
   It protects you from cold.
   It protects you from negative energy.
   It increases your rate of health regeneration.
 z - a +4 ring of evasion
Wands
 r - a wand of polymorph (12)
Scrolls
 c - 3 scrolls of teleportation
 e - 2 scrolls of fog
 i - 4 scrolls of identify
 k - a scroll of immolation
 m - a scroll of vulnerability
 w - a scroll of enchant armour
 y - 2 scrolls of enchant weapon
Potions
 g - a potion of cancellation {unknown}
 l - a potion of mutation {unknown}
 p - a potion of curing
 q - a potion of heal wounds {unknown}
 s - a potion of brilliance
 u - a potion of haste


   Skills:
 - Level 2.4 Dodging
 - Level 2.7 Stealth
 + Level 7.8 Spellcasting
 + Level 7.2 Conjurations
 - Level 5.0 Hexes
 * Level 11.2 Ice Magic


You had 12 spell levels left.
You knew the following spells:

 Your Spells              Type           Power      Damage    Failure   Level
a - Freeze                Ice            100%       1d11      1%          1
b - Searing Ray           Conj           80%        3d6       1%          2
c - Frozen Ramparts       Ice            100%       1d12      1%          3
d - Ozocubu's Armour      Ice            55%        N/A       1%          3
e - Fulminant Prism       Conj/Hex       17%        3d11      2%          4

Your spell library contained the following spells:

 Spells                   Type           Power      Damage    Failure   Level
 Magic Dart               Conj           100%       1d8       1%          1
 Conjure Flame            Conj/Fire      24%        6-21      1%          3
 Dazzling Flash           Conj/Hex       70%        N/A       1%          3
 Stone Arrow              Conj/Erth      48%        3d10      1%          3
 Hailstorm                Conj/Ice       49%        3d11      1%          4
 Animate Skeleton         Necr           16%        N/A       3%          1
 Pain                     Necr           32%        1d5       3%          1
 Summon Small Mammal      Summ           32%        N/A       3%          1
 Summon Guardian Golem    Hex/Summ       19%        N/A       3%          3
 Summon Ice Beast         Ice/Summ       33%        N/A       3%          4
 Metabolic Englaciation   Hex/Ice        22%        N/A       3%          5
 Call Imp                 Summ           8%         N/A       4%          2
 Iskenderun's Mystic Bla  Conj/Tloc      24%        2d7       7%          4
 Call Canine Familiar     Summ           8%         N/A       9%          3
 Ignite Poison            Fire/Tmut/Pois 8%         N/A       9%          3
 Vampiric Draining        Necr           4%         2d6       9%          3
 Fireball                 Conj/Fire      12%        3d7       19%         5
 Lightning Bolt           Conj/Air       12%        1d25      19%         5
 Animate Dead             Necr           4%         N/A       28%         4
 Summon Lightning Spire   Summ/Air       8%         N/A       28%         4
 Bolt of Magma            Conj/Fire/Erth 9%         4d7       30%         5
 Agony                    Necr           8%         N/A       61%         5
 Starburst                Conj/Fire      12%        8x6d5     67%         6
 Ignition                 Fire           4%         3d4       100%        8


Dungeon Overview and Level Annotations

Branches:
Dungeon (7/15)             Temple (1/1) D:5

Altars:
Ashenzari
Cheibriados
Dithmenos
Elyvilon
Fedhas
Gozag
Hepliaklqana
Kikubaaqudgha
Makhleb
Nemelex Xobeh
Okawaru
Qazlal
Ru
Sif Muna
Vehumet
Wu Jian
Xom
Yredelemnul
The Shining One

Shops:
D:1 (   D:6 [*


Innate Abilities, Weirdness & Mutations

You are small and have problems with some larger weapons.
You are completely attuned to the shadows.


Message History

You partially resist.
You feel drained.
The wall freezes Dowan.
The wall freezes the komodo dragon!
The komodo dragon seems to slow down.
The komodo dragon bites you!!
Your fulminant prism explodes!
The blast of energy engulfs Duvessa!
You kill Duvessa!
Dowan seems overcome with grief, but rights himself reflexively soon after.
Dowan seems to find hidden reserves of power!
The blast of energy engulfs Dowan!!
Dowan is almost dead.
Unknown command.
Unknown command.
Unknown command.
Unknown command.
Unknown command.
Unknown command.
Unknown command.
Casting: Frozen Ramparts (safe; 1% risk of failure)
Confirm with . or Enter, or press ? or * to list all spells.
A film of ice covers your body!
The wall freezes Dowan!
You kill Dowan!
Unknown command.
Unknown command.
Unknown command.
Casting: Ozocubu's Armour (safe; 1% risk of failure)
Confirm with . or Enter, or press ? or * to list all spells.
Okay, then.
It was a potion of curing.
You feel better.
The wall freezes the komodo dragon!
The komodo dragon bites you!
Casting: Ozocubu's Armour (safe; 1% risk of failure)
Confirm with . or Enter, or press ? or * to list all spells.
Aiming: Freeze (safe; 1% risk of failure)
Press: ? - help, Shift-Dir - straight line, f - komodo dragon
Aim: a komodo dragon (heavily wounded, slow)
You freeze the komodo dragon.
The komodo dragon is severely wounded.
The komodo dragon seems to slow down.
The wall freezes the komodo dragon!
The komodo dragon bites you!!
You die...
Your body crumbles into a pile of gold.

##.#§###.##.####
#§#§#§###.#.#..##
#§#§#.##.##.##.#
#§#§#§#.##..#.#.##
##.#.##.#####.##u#
###.####.##..###.#
#.....###..####.##
#..#.#..######.u##
.......l@####u###
........$$#.....#
.._._.?..#...#.#
..8....$$.....#
._._..$$#.#...# $
....#.....# $
...######## ..#


You could see a komodo dragon (slow).

Vanquished Creatures
  A two-headed ogre (D:7)
  2 ugly things (D:7)
  Maggie (D:7)
  A kobold demonologist (D:7)
  A komodo dragon (D:7)
  Grinder (D:6)
  Sigmund (D:6)
  A vampire mosquito (D:7)
  A steam dragon (D:6)
  A water moccasin (D:7)
  An orc warrior (D:5)
  A sky beast (D:7)
  Duvessa (D:7)
  An ice beast (D:5)
  2 black bears
  A necrophage (D:6)
  5 ogres
  2 centaurs (D:7)
  A phantom (D:6)
  Blork the orc (D:4)
  A bullfrog (D:7)
  A kobold brigand (D:7)
  2 scorpions
  Dowan (D:7)
  A water moccasin zombie (D:7)
  A water moccasin skeleton (D:4)
  4 wights
  A howler monkey (D:4)
  A jelly (D:4)
  A bullfrog zombie (D:5)
  2 hounds
  3 bullfrog skeletons
  A centaur skeleton (D:7)
  2 orc priests
  5 iguanas
  7 orc wizards
  4 gnolls
  5 adders
  A shadow imp (D:7)
  A white imp (D:6)
  5 worms
  26 orcs
  4 ball pythons
  9 bats
  9 endoplasms
  2 giant cockroaches
  8 goblins
  7 hobgoblins
  10 jackals
  8 kobolds
  2 frilled lizards
  7 rats
169 creatures vanquished.

Vanquished Creatures (others)
  6 fulminant prisms (D:7)
6 creatures vanquished.

Grand Total: 175 creatures vanquished

Notes
Turn   | Place    | Note
-------+----------+-------------------------------------------
     0 | D:1      | Hasart the Kobold Ice Elementalist began the quest for the
                  | Orb.
     0 | D:1      | Reached XP level 1. HP: 10/10 MP: 3/3
   159 | D:1      | Reached XP level 2. HP: 14/15 MP: 0/5
   487 | D:1      | Learned a level 2 spell: Searing Ray
   648 | D:1      | Reached XP level 3. HP: 9/19 MP: 4/6
  1203 | D:1      | Found Igotarat's Antique Weapon Shop.
  2529 | D:2      | Reached skill level 1 in Conjurations
  2529 | D:2      | Reached XP level 4. HP: 17/24 MP: 4/8
  2902 | D:2      | Learned a level 3 spell: Frozen Ramparts
  3093 | D:2      | Reached skill level 5 in Ice Magic
  3409 | D:3      | Found a faded altar of an unknown god.
  3681 | D:3      | Reached XP level 5. HP: 21/28 MP: 2/9
  3763 | D:3      | Learned a level 3 spell: Ozocubu's Armour
  3923 | D:3      | Found a glowing golden altar of the Shining One.
  4575 | D:4      | Noticed an ogre
  4586 | D:4      | Killed an ogre
  4587 | D:4      | Reached XP level 6. HP: 4/32 MP: 2/11
  5098 | D:4      | Reached skill level 6 in Ice Magic
  5127 | D:4      | Noticed an ogre
  5137 | D:4      | Killed an ogre
  5273 | D:4      | Reached XP level 7. HP: 32/36 MP: 6/12
  5944 | D:4      | Noticed Blork the orc
  5951 | D:4      | Killed Blork the orc
  5952 | D:4      | Reached skill level 7 in Ice Magic
  6312 | D:4      | Learned a level 4 spell: Fulminant Prism
  6351 | D:4      | Found an iron altar of Okawaru.
  6351 | D:4      | Found a broken altar of Ashenzari.
  6351 | D:4      | Found an ancient bone altar of Kikubaaqudgha.
  6867 | D:4      | Reached XP level 8. HP: 39/41 MP: 9/14
  6972 | D:5      | Entered Level 5 of the Dungeon
  6990 | D:5      | Reached skill level 1 in Hexes
  7980 | D:5      | Reached skill level 5 in Spellcasting
  8099 | D:5      | Found a staircase to the Ecumenical Temple.
  8117 | Temple   | Entered the Ecumenical Temple
  8172 | Temple   | Became a worshipper of Gozag Ym Sagoz the Greedy
  8481 | D:6      | Reached skill level 8 in Ice Magic
  8613 | D:6      | Reached XP level 9. HP: 26/45 MP: 6/17
  9078 | D:6      | Noticed Grinder
  9080 | D:6      | Paralysed by Grinder for 5 turns
  9090 | D:6      | Killed Grinder
  9091 | D:6      | Reached skill level 5 in Conjurations
  9269 | D:6      | Found Sint's Assorted Antiques.
  9374 | D:6      | Reached skill level 9 in Ice Magic
  9619 | D:6      | Noticed Sigmund
  9625 | D:6      | Killed Sigmund
  9962 | D:6      | Found Reabuw's Armour Emporium.
 10846 | D:7      | Noticed Maggie
 10857 | D:7      | Killed Maggie
 10858 | D:7      | Reached XP level 10. HP: 21/50 MP: 3/19
 11199 | D:7      | Noticed a two-headed ogre
 11205 | D:7      | Killed a two-headed ogre
 11206 | D:7      | Reached skill level 5 in Hexes
 11206 | D:7      | Reached skill level 10 in Ice Magic
 11206 | D:7      | Noticed a komodo dragon
 11232 | D:7      | Identified the +2 great sword "Puty" {venom, Int+4 Stlth+}
 11232 | D:7      | Identified the amulet of Life {rC+ rN+ Regen+ Int+2}
 11435 | D:7      | Noticed a kobold demonologist
 11441 | D:7      | Killed a kobold demonologist
 11601 | D:7      | Noticed a brown ugly thing
 11601 | D:7      | Noticed a komodo dragon
 11607 | D:7      | Killed a komodo dragon
 11608 | D:7      | Noticed a red ugly thing
 11611 | D:7      | Killed a brown ugly thing
 11612 | D:7      | Reached skill level 11 in Ice Magic
 11643 | D:7      | Killed a red ugly thing
 11644 | D:7      | Reached XP level 11. HP: 18/54 MP: 1/22
 11859 | D:7      | Identified the +6 dagger of the Tired Shrikes {venom, rElec
                  | Will+}
 11859 | D:7      | Identified the Incunabulum of Weightlessness and
                  | Conjuration
 11880 | D:7      | Found a blossoming altar of Fedhas.
 11881 | D:7      | Found a basalt altar of Yredelemnul.
 11883 | D:7      | Found a snail-covered altar of Cheibriados.
 11883 | D:7      | Found a white marble altar of Elyvilon.
 11883 | D:7      | Noticed Dowan
 11884 | D:7      | Noticed Duvessa
 11890 | D:7      | Killed Duvessa
 11891 | D:7      | Killed Dowan
 11893 | D:7      | Slain by a komodo dragon

Illustrated notes

Levels and vault maps discovered:
D:1:      heliophobic_arrival_dark_side_of_the_moon, layout_rooms, serial_shops,
          nicolae_shop_stone, minmay_octomino_c4
D:2:      layout_basic, minmay_hedge_maze
D:3:      minmay_door_path, layout_loops_ring, amcnicky_altar_gilded,
          hellmonk_ecumenical_altar_run_dry, serial_bayou_pond_c
D:4:      layout_gridville, gammafunk_temple_overflow_claw,
          kennysheep_generic_room_15, uniq_blork_the_orc
D:5:      layout_basic, minmay_temple_entry_drinking_statues
D:6:      layout_basic, serial_shops, kennysheep_mini_moat, shop,
          chequers_serial_rivers_small_a, uniq_sigmund, uniq_grinder
D:7:      minmay_the_grid_octo_tiled_squarecenter
          [minmay_the_grid_octo_fan_narrow,
          minmay_the_grid_octo_tetromino_candy, minmay_the_grid_octo_checkered,
          minmay_the_grid_octo_shrine,
          minmay_the_grid_square_5x5_megaprize_checkered,
          minmay_the_grid_square_5x5_eight,
          minmay_the_grid_square_5x5_tri_point,
          minmay_the_grid_square_5x5_two_walls_a,
          minmay_the_grid_square_5x5_three_small], layout_layer_cave,
          minmay_stone_trees_large, uniq_maggie, uniq_duvessa
Temple:   regret_index_temple_waves

Skill      XL: |  1  2  3  4  5  6  7  8  9 10 |
---------------+-------------------------------+-----
Conjurations   | 1 2 3 4 5 7 |  7.2
Ice Magic      | 5 6 7 8 9 11 | 11.2
Spellcasting   | 3 4 5 6 7 |  7.8
Hexes          | 2 4 5 |  5.0
Dodging        | |  2.4
Stealth        | |  2.7

Action                   |  1- 3 |  4- 6 |  7- 9 | 10-12 || total
-------------------------+-------+-------+-------+-------++-------
Melee: Unarmed           |     1 |       |       |       ||     1
       Whip              |    38 |    39 |    11 |       ||    88
       War axe           |       |       |    41 |     7 ||    48
 Cast: Freeze            |    42 |    21 |       |     2 ||    65
       Searing Ray       |       |     5 |    71 |    13 ||    89
       Frozen Ramparts   |       |     2 |     6 |     4 ||    12
       Fulminant Prism   |       |       |     2 |     4 ||     6
       Ozocubu's Armour  |       |       |       |     3 ||     3
  Use: Potion            |       |     3 |       |     1 ||     4
       Scroll            |       |     6 |       |     3 ||     9
 Stab: Sleeping          |     6 |    11 |       |       ||    17
Armor: Robe              |     7 |    11 |    38 |     7 ||    63
Dodge: Dodged            |    55 |    41 |    89 |    16 ||   201

Table legend: (Time is in decaauts)
 A = Elapsed time spent in this place.
 B = Non-inter-level travel time spent in this place.
 C = Inter-level travel time spent in this place.
 D = Time resting spent in this place.
 E = Time spent auto-exploring this place.
 F = Levels seen in this place.
 G = Mean time per level.
                   A        B        C        D        E       F      G
               +--------+--------+--------+--------+--------+-----+--------+
         Total |  11930 |  11704 |    226 |   2523 |   7690 |   8 | 1491.2 |
       Dungeon |  11713 |  11518 |    195 |   2523 |   7532 |   7 | 1673.3 |
        Temple |    217 |    187 |     30 |      0 |    157 |   1 |  217.0 |
               +--------+--------+--------+--------+--------+-----+--------+

Top non-repeatable levels by time:
     D:4: 2409 daAuts
     D:6: 1981 daAuts
     D:2: 1810 daAuts
     D:1: 1485 daAuts
     D:7: 1477 daAuts
     D:3: 1280 daAuts
     D:5: 1268 daAuts
  Temple: 217 daAuts
